 Dungeon Sprint DCSS version 0.28.0-43-g3370ac3207 (webtiles) character file.

Game seed: 8865100721017176105

6463 boopmooplesden the Fencer (level 10, -22/104 HPs)
             Began as a Minotaur Berserker on Mar 17, 2022.
             Was a High Priest of Trog.
             Annihilated by a spriggan berserker
             ... wielding a +0 antimagic war axe
              (36 damage)
             ... in the Dungeon (Sprint IV: "Fedhas' Mad Dash").
             The game lasted 00:05:14 (2539 turns).

boopmooplesden the Fencer (Minotaur Berserker)      Turns: 2539, Time: 00:05:14

Health: -22/104    AC: 13    Str: 22    XL:     10   Next: 68%
Magic:  1/9        EV: 11    Int:  6    God:    Trog [*****.]
Gold:   199        SH:  0    Dex: 12    Spells: 9/9 levels left

rFire   . . .      SeeInvis .   q - +11 plutonium sword {Contam Stlth-}
rCold   . . .      Faith    .   (shield currently unavailable)
rNeg    . . .      Spirit   .   l - +0 chain mail
rPois   .          Reflect  .   (helmet restricted)
rElec   .          Harm     .   (no cloak)
rCorr   .          Rampage  .   j - +0 pair of gloves
Will    .....      NoTele   +   (no boots)
Stlth   ..........              i - amulet of invisibility {+Inv}
HPRegen 0.27/turn               (no ring)
MPRegen 0.11/turn               (no ring)

@: on berserk cooldown, very slightly contaminated, slowed, invisible
(expiring), very slow
A: horns 2, retaliatory headbutt
a: Renounce Religion, Evoke Invisibility, Berserk, Trog's Hand, Brothers in Arms


You were in the Dungeon.
You worshipped Trog.
Trog was extremely pleased with you.
You visited 1 branch You collected 237 gold pieces.
You spent 38 gold pieces at shops.

Inventory:

Hand Weapons
 a - a +0 falchion
 n - a +5 mace
 q - the +11 plutonium sword (weapon) {Contam Stlth-}
   (Trog gifted it to you in the Dungeon)

   It occasionally inflicts wild transmutation effects on those it strikes,
   inflicting malmutation or extra damage, or polymorphing them into a new form.
   Contam:    It causes magical contamination when unequipped.
   Stlth:     It makes you less stealthy.
Armour
 b - a +0 animal skin
 j - a +0 pair of gloves (worn)
 l - a +0 chain mail (worn)
Jewellery
 i - the amulet of invisibility (around neck) {+Inv}
   (You found it in the Dungeon)

   [amulet of nothing]

   +Inv:      It lets you turn invisible.
 k - a ring of magical power
Scrolls
 h - a scroll of blinking
 m - 2 scrolls of identify
 o - a scroll of immolation {unknown}
 p - a scroll of enchant weapon {unknown}
Potions
 c - 2 potions of curing
 d - a potion of heal wounds
 e - a potion of haste
 f - 2 potions of magic
 g - a potion of berserk rage


   Skills:
 + Level 14.6 Fighting
 + Level 15.8 Long Blades
 + Level 10.6 Armour
 + Level 7.1 Dodging
 + Level 8.6 Stealth
 + Level 11.9 Evocations


You had 9 spell levels left.
You didn't know any spells.
Your spell library was empty.

Dungeon Overview and Level Annotations

Branches:
Dungeon (1/1)

Altars:
Cheibriados
Dithmenos
Elyvilon
Gozag
Hepliaklqana
Kikubaaqudgha
Makhleb
Nemelex Xobeh
Okawaru
Qazlal
Ru
Sif Muna
Trog
Uskayaw
Vehumet
Wu Jian
Xom
Yredelemnul
Zin
The Shining One
Beogh
Jiyva
Lugonu

Shops:
D *?[(*((


Innate Abilities, Weirdness & Mutations

You have a pair of horns on your head.
You reflexively headbutt those who attack you in melee.


Message History

You feel your power leaking away.
You miss the spriggan berserker.
Your headbutt misses the spriggan berserker.
The spriggan berserker is heavily wounded.
The elephant trumpets!
The spriggan berserker hits you with a +0 antimagic war axe! x2
You miss the spriggan berserker.
Your headbutt misses the spriggan berserker.
The spriggan berserker is heavily wounded.
Your cyclops rages.
The spriggan berserker hits you with a +0 antimagic war axe.
You closely miss the spriggan berserker.
The spriggan berserker is heavily wounded.
The elephant trumpets!
The spriggan berserker invokes Trog's protection!
The spriggan berserker mumbles some strange prayers to Trog.
The elephant goes berserk!
You slice the spriggan berserker!!
The spriggan berserker is severely wounded.
The elephant trumpets!
Your cyclops hits the elephant!! The elephant tramples you!!
You hold your ground!
The elephant trunk-slaps you.
The spriggan berserker barely misses you.
Your cyclops rages.
Your cyclops hits the elephant!!! The elephant tramples you.
* * * LOW HITPOINT WARNING * * *
You hold your ground!
The elephant barely misses you.
The spriggan berserker utters an invocation to Trog.
The spriggan berserker goes berserk!
Your cyclops hits the elephant! The elephant tramples you!
* * * LOW HITPOINT WARNING * * *
You hold your ground!
The elephant trunk-slaps you but does no damage.
Your cyclops hits the elephant!! You slice the elephant!!
You kill the elephant!
The elephant's corpse disappears in a puff of smoke!
You flicker for a moment.
The spriggan berserker hits you with a +0 antimagic war axe!!!
You die...

'.._._._._._..'..#...#†...'.|##'#
#..._._._._...#..###'##.=.##∩#..#
#.._._._._._..#.(##∩∩.'...#####..
#._._._._._.⌠.#################..
###################....[.###.)...
#♣♣♣♣♣..♣(###.'..'.......'.).).♣.
......♣..♣##:.#..#.P.....########
♣..♣♣♣.♣).###.##)##.P....#
.♣♣.)♣...♣'...#♣@♣########
#**############i....#*** ,,,,,,*
**#.Y♣C.♣....#**
,,,,,,****#...♣......♣..,****
,,,,,,,,.......♣.....∩.∩,,,,*
,,,,,,,,################*****
********* ******* *******
***,,*****,,,∩∩***,,,,,***
*,,,,+,,,,,,,,,**,,,,,,+,*


You could see an elephant (summoned, berserk), a spriggan berserker (berserk,
regenerating, strong-willed, misshapen, ally target) and a friendly cyclops
(summoned, berserk).

Vanquished Creatures
  Agnes (D)
  A spriggan druid (D)
  6 oklob plants (D)
  A demonic crawler (D)
  A queen bee (D)
  3 wandering mushrooms (D)
  3 burning bushes (D)
  A hornet (D)
  3 scorpions (D)
  4 killer bees (D)
  5 oklob saplings (D)
  5 spriggans (D)
  A river rat (D)
  A rat (D)
36 creatures vanquished.

Vanquished Creatures (others)
  A ballistomycete spore (D)
1 creature vanquished.

Grand Total: 37 creatures vanquished

Notes
Turn   | Place    | Note
-------+----------+-------------------------------------------
     0 | D        | boopmooplesden the Minotaur Berserker began the quest for
                  | the Orb.
     0 | D        | Reached XP level 1. HP: 19/19 MP: 0/0
     7 | D        | Reached skill level 4 in Long Blades
     7 | D        | Reached XP level 2. HP: 28/28 MP: 1/1
   140 | D        | Noticed an oklob sapling
   143 | D        | Killed an oklob sapling
   143 | D        | Reached ** piety under Trog
   144 | D        | Reached skill level 5 in Fighting
   144 | D        | Reached skill level 6 in Long Blades
   144 | D        | Reached XP level 3. HP: 37/37 MP: 2/2
   145 | D        | Noticed a scorpion
   145 | D        | Found the amulet of invisibility {+Inv}
   147 | D        | Killed a scorpion
   148 | D        | Reached skill level 7 in Long Blades
   148 | D        | Reached XP level 4. HP: 47/47 MP: 3/3
   414 | D        | Found an opulent altar of Gozag.
   414 | D        | Found a hazy altar of Hepliaklqana.
   414 | D        | Found a snail-covered altar of Cheibriados.
   415 | D        | Found a viscous altar of Jiyva.
   415 | D        | Found a burning altar of Makhleb.
   415 | D        | Found a sparkling altar of Nemelex Xobeh.
   415 | D        | Found a sacrificial altar of Ru.
   415 | D        | Found a shimmering blue altar of Sif Muna.
   415 | D        | Found a bloodstained altar of Trog.
   415 | D        | Found an ornate altar of the Wu Jian Council.
   415 | D        | Found a shimmering altar of Xom.
   415 | D        | Found a basalt altar of Yredelemnul.
   416 | D        | Found an iron altar of Okawaru.
   416 | D        | Found a shadowy altar of Dithmenos.
   416 | D        | Found a glowing silver altar of Zin.
   417 | D        | Found an ancient bone altar of Kikubaaqudgha.
   417 | D        | Found a hide-covered altar of Uskayaw.
   418 | D        | Found a stormy altar of Qazlal.
   418 | D        | Found a white marble altar of Elyvilon.
   418 | D        | Found a glowing golden altar of the Shining One.
   419 | D        | Found a corrupted altar of Lugonu.
   419 | D        | Found a radiant altar of Vehumet.
   428 | D        | Reached skill level 8 in Long Blades
   428 | D        | Reached skill level 1 in Stealth
   428 | D        | Reached skill level 1 in Evocations
   428 | D        | Reached XP level 5. HP: 56/56 MP: 2/4
   575 | D        | Reached *** piety under Trog
   576 | D        | Reached skill level 9 in Long Blades
   576 | D        | Reached skill level 5 in Armour
   629 | D        | Reached XP level 6. HP: 64/64 MP: 2/5
   638 | D        | Reached skill level 10 in Long Blades
   655 | D        | Found Ohithuish's Magic Scroll Shop.
   656 | D        | Found Dyofys's Assorted Antiques.
   697 | D        | Noticed a burning bush
   697 | D        | Noticed a wandering mushroom
   698 | D        | Noticed a wandering mushroom
   782 | D        | Killed a wandering mushroom
   782 | D        | Reached **** piety under Trog
   783 | D        | Reached skill level 10 in Fighting
   783 | D        | Reached skill level 11 in Long Blades
   783 | D        | Reached skill level 5 in Dodging
   783 | D        | Reached XP level 7. HP: 73/73 MP: 6/6
   787 | D        | Killed a wandering mushroom
   788 | D        | Reached skill level 12 in Long Blades
   792 | D        | Reached skill level 5 in Evocations
   938 | D        | Killed a burning bush
   939 | D        | Reached XP level 8. HP: 72/83 MP: 7/7
   944 | D        | Found Witasepn's Antique Weapon Shoppe.
   945 | D        | Found Papteb's Assorted Antiques.
   963 | D        | Bought a scroll labelled JIBUK WOOPS for 19 gold pieces
   963 | D        | Bought a scroll labelled JIBUK WOOPS for 19 gold pieces
  1006 | D        | Noticed a queen bee
  1013 | D        | Reached ***** piety under Trog
  1019 | D        | Killed a queen bee
  1020 | D        | Reached skill level 13 in Long Blades
  1020 | D        | Reached skill level 5 in Stealth
  1056 | D        | Noticed an oklob plant
  1065 | D        | Killed an oklob plant
  1109 | D        | Noticed a burning bush
  1115 | D        | Killed a burning bush
  1116 | D        | Reached skill level 14 in Long Blades
  1116 | D        | Reached XP level 9. HP: 64/93 MP: 5/8
  1230 | D        | Noticed a burning bush
  1230 | D        | Noticed an oklob plant
  1231 | D        | Noticed a wandering mushroom
  1244 | D        | Killed a burning bush
  1248 | D        | Killed a wandering mushroom
  1479 | D        | Killed an oklob plant
  1485 | D        | Received a gift from Trog
  1637 | D        | Noticed a spriggan druid
  1646 | D        | Killed a spriggan druid
  1664 | D        | Noticed an oklob plant conjurer
  1692 | D        | Killed an oklob plant conjurer
  1693 | D        | Reached skill level 15 in Long Blades
  1820 | D        | Noticed an oklob plant
  1820 | D        | Noticed an oklob plant summoner
  1972 | D        | Noticed an oklob plant shifter
  1984 | D        | Killed an oklob plant
  1985 | D        | Reached skill level 10 in Evocations
  1985 | D        | Reached XP level 10. HP: 102/102 MP: 7/9
  2036 | D        | Killed an oklob plant summoner
  2040 | D        | Killed an oklob plant shifter
  2040 | D        | Reached ****** piety under Trog
  2236 | D        | Noticed a spriggan rider
  2240 | D        | Found Fuzet's Weapon Emporium.
  2246 | D        | Received a gift from Trog
  2246 | D        | Found the +11 plutonium sword {Contam Stlth-}
  2248 | D        | Found Oluzoefe's Antique Weapon Shoppe.
  2523 | D        | Noticed Agnes
  2528 | D        | Killed Agnes
  2529 | D        | Reached skill level 10 in Armour
  2530 | D        | Found Geelook's Antique Armour Emporium.
  2530 | D        | Noticed a spriggan berserker
  2532 | D        | Noticed an elephant
  2537 | D        | Noticed an elephant
  2539 | D        | Annihilated by a spriggan berserker

Illustrated notes

Levels and vault maps discovered:
D:        dungeon_sprint_fedhas [sprint_temple]

Skill      XL: |  1  2  3  4  5  6  7  8  9 10 |
---------------+-------------------------------+-----
Fighting       | 4 5 7 8 9 10 11 13 14 | 14.6
Long Blades    | 4 6 7 8 9 11 12 14 15 | 15.8
Armour         | 3 4 5 6 7 8 10 | 10.6
Dodging        | 3 4 5 6 7 |  7.1
Stealth        | 1 2 3 4 6 7 8 |  8.6
Evocations     | 1 2 4 5 7 10 11 | 11.9

Action                   |  1- 3 |  4- 6 |  7- 9 | 10-12 || total
-------------------------+-------+-------+-------+-------++-------
Melee: Falchion          |     6 |    27 |    76 |    21 ||   130
       Headbutt          |     1 |     7 |    31 |     6 ||    45
       Punch             |       |     1 |     4 |       ||     5
       Triple sword      |       |       |       |     9 ||     9
Invok: Berserk           |     1 |     4 |     6 |     4 ||    15
       Brothers in Arms  |       |       |       |     1 ||     1
 Abil: Evoke Invisibilit |       |     4 |     9 |     4 ||    17
  Use: Scroll            |       |       |     2 |       ||     2
 Stab: Invisible         |       |     2 |     7 |     1 ||    10
       Sleeping          |       |     1 |       |       ||     1
Armor: Animal skin       |     1 |       |       |       ||     1
       Chain mail        |       |       |     7 |     4 ||    11
Dodge: Dodged            |     2 |     9 |    17 |     9 ||    37
